 Dungeon Crawl Stone Soup version 0.29-a0-919-gd064cfad1c (webtiles) character file.

Game seed: 911021474064472495

803 enile the Trooper (level 7, 0/56 HPs)
             Began as a Mummy Gladiator on July 27, 2022.
             Was a Believer of Trog.
             Slain by a hornet (5 damage)
             ... on level 6 of the Dungeon.
             The game lasted 00:06:57 (5640 turns).

enile the Trooper (Mummy Gladiator)                 Turns: 5640, Time: 00:06:58

Health: 0/56       AC: 12    Str: 17    XL:     7   Next: 59%
Magic:  7/7        EV:  5    Int: 10    God:    Trog [**....]
Gold:   198        SH:  0    Dex: 13    Spells: 6/6 levels left

rFire   x . .      SeeInvis .   a - +0 quarterstaff
rCold   + . .      Faith    .   (shield currently unavailable)
rNeg    + + +      Spirit   .   h - +0 plate armour
rPois   ∞          Reflect  .   c - +0 helmet
rElec   .          Harm     .   (no cloak)
rCorr   .          Rampage  .   (no gloves)
Will    .....                   (no boots)
Stlth   ..........              n - amulet of the acrobat
HPRegen 0.18/turn               (no ring)
MPRegen 0.10/turn               (no ring)

@: no status effects
A: cold resistance 1, negative energy resistance 3, torment resistance 2, heat
vulnerability 1, in touch with death 1, no potions
a: Renounce Religion, Trog's Hand


You were on level 6 of the Dungeon.
You worshipped Trog.
Trog was pleased with you.
You visited 1 branch of the dungeon, and saw 7 of its levels.

You collected 357 gold pieces.
You spent 159 gold pieces at shops.

Inventory:

Hand Weapons
 a - a +0 quarterstaff (weapon)
 o - a +5 war axe
Missiles
 e - a javelin (quivered)
 l - 6 boomerangs
Armour
 b - a +0 leather armour
 c - a +0 helmet (worn)
 g - a +2 leather armour of fire resistance
 h - a +0 plate armour (worn)
Jewellery
 j - an amulet of faith
 n - an amulet of the acrobat (around neck)
Scrolls
 i - a scroll of teleportation
 k - 2 scrolls of identify
 m - a scroll of magic mapping
 p - a scroll of noise


   Skills:
 + Level 5.3 Fighting
 - Level 2.4 Staves
 - Level 5.0 Throwing
 - Level 3.0 Armour
 - Level 2.4 Dodging


You had 6 spell levels left.
You didn't know any spells.
Your spell library was empty.

Dungeon Overview and Level Annotations

Branches:
Dungeon (7/15)
 Temple: D:4-7

Altars:
Makhleb
Sif Muna
Trog
Yredelemnul

Shops:
D:1 !   D:2 !   D:3 :?[[   D:5 *

Annotations:
D:4 1 runed translucent door, kairosrom117's ghost, amateur MiFi
D:6 Blork the orc


Innate Abilities, Weirdness & Mutations

You are immune to poison.
Your flesh is cold resistant. (rC+)
You are immune to negative energy. (rN+++)
You are immune to unholy pain and torment.
You are vulnerable to heat. (rF-)
You are in touch with the powers of death.
You do not drink.


Message History

The javelin closely misses the orc.
The javelin pierces through the orc warrior.
The orc warrior is lightly wounded.
The hornet barely misses you. The hornet stings you.
Throw: 3 javelins
Press: ? - help, Q - select action, (/) - cycle Shift-Dir - straight line, f/p - hornet
Aim: a hornet (moderately wounded, 48% to hit)
You throw a javelin.
The javelin pierces through the hornet but does no damage.
The hornet is moderately wounded.
The javelin pierces through the bullfrog.
The bullfrog is moderately wounded.
The javelin pierces through the orc warrior but does no damage.
The orc warrior is lightly wounded.
The javelin pierces through the orc!!
You kill the orc!
Trog accepts your kill.
The javelin closely misses the orc.
The hornet stings you. The hornet barely misses you.
Throw: 2 javelins
Press: ? - help, Q - select action, (/) - cycle Shift-Dir - straight line, f/p - hornet
Aim: a hornet (moderately wounded, 48% to hit)
You throw a javelin. The javelin misses the hornet.
The javelin pierces through the bullfrog!
You kill the bullfrog!
Trog accepts your kill.
The javelin closely misses the orc.
The hornet stings you!
* * * LOW HITPOINT WARNING * * *
The hornet stings you but does no damage.
The orc warrior hits you from afar with a +0 trident!
* * * LOW HITPOINT WARNING * * *
Training target 5.0 for Throwing reached!
Your Throwing skill increases to level 5!
You need to enable at least one skill for training.
Okay, then.
The hornet barely misses you.
There is a stone staircase leading down here.
The hornet barely misses you. The hornet stings you.
You die...

#..........
###.
#.########.
... #.#
##.##.#
#.....#
#..#..#
#..#..#
###.#..#..###
.(..).)o.oy@#
###.#.$#..#.#
#######.# ..#
###


You could see a hornet, an orc warrior and an orc.

Vanquished Creatures
  A phantom (D:4)
  2 bullfrogs
  A necrophage (D:4)
  A hound (D:6)
  A jelly (D:5)
  Ijyb (D:5)
  Natasha (thrice) (D:3)
  3 iguanas
  2 orc wizards (D:3)
  7 gnolls (D:4)
  4 adders
  3 worms (D:2)
  2 dart slugs (D:4)
  15 orcs
  8 endoplasms
  4 giant cockroaches
  5 goblins
  6 hobgoblins
  8 kobolds
  2 quokkas
  6 ball pythons
  6 bats
  7 frilled lizards
  5 rats
103 creatures vanquished.

Vanquished Creatures (collateral kills)
  2 gnolls (D:5)
  An adder (D:5)
  A white imp (D:5)
4 creatures vanquished.

Vanquished Creatures (others)
  A howler monkey (D:5)
  A gnoll (D:5)
  7 plants (D:7)
9 creatures vanquished.

Grand Total: 116 creatures vanquished

Notes
Turn   | Place    | Note
-------+----------+-------------------------------------------
     0 | D:1      | enile the Mummy Gladiator began the quest for the Orb.
     0 | D:1      | Reached XP level 1. HP: 16/16 MP: 1/1
    12 | D:1      | Found Qufogou's Distillery.
   228 | D:1      | Reached skill level 1 in Armour
   228 | D:1      | Reached XP level 2. HP: 15/22 MP: 2/2
  1244 | D:2      | Gained mutation: You are in touch with the powers of death.
                  | [Mummy growth]
  1244 | D:2      | Reached XP level 3. HP: 23/29 MP: 3/3
  1315 | D:2      | Found a faded altar of an unknown god.
  1449 | D:2      | Prayed at the altar of an unknown god.
  1449 | D:2      | Became a worshipper of Trog the Wrathful
  1449 | D:2      | Reached * piety under Trog
  1793 | D:2      | Found Ajotiz's Distillery.
  1931 | D:3      | Found a basalt altar of Yredelemnul.
  2296 | D:3      | Noticed Natasha
  2299 | D:3      | Killed Natasha
  2300 | D:3      | Reached XP level 4. HP: 28/37 MP: 4/4
  2493 | D:3      | Found Pedesch's Armour Boutique.
  2512 | D:3      | Noticed a bullfrog
  2525 | D:3      | Killed a bullfrog
  2526 | D:3      | Reached skill level 5 in Fighting
  2526 | D:3      | Reached XP level 5. HP: 32/44 MP: 5/5
  2612 | D:3      | Found Cudidem's Antique Armour Boutique.
  2665 | D:3      | Noticed Natasha
  2669 | D:3      | Killed Natasha
  2669 | D:3      | Reached ** piety under Trog
  2957 | D:3      | Noticed Natasha
  2963 | D:3      | Killed Natasha
  3105 | D:3      | Found Post's Magic Scroll Boutique.
  3112 | D:3      | Bought a scroll of teleportation for 33 gold pieces
  3112 | D:3      | Bought a scroll of magic mapping for 82 gold pieces
  3112 | D:3      | Bought a scroll of poison for 44 gold pieces
  3123 | D:3      | Found Zim Luax's Book Emporium.
  3195 | D:3      | Reached XP level 6. HP: 45/51 MP: 6/6
  4225 | D:4      | Reached XP level 7. HP: 53/56 MP: 7/7
  4336 | D:4      | Found a shimmering blue altar of Sif Muna.
  4365 | D:4      | Found a burning altar of Makhleb.
  4494 | D:4      | Found a runed translucent door.
  4498 | D:4      | Noticed kairosrom117's ghost (amateur MiFi)
  4773 | D:5      | Entered Level 5 of the Dungeon
  4794 | D:5      | Noticed Ijyb
  4794 | D:5      | Paralysed by Ijyb for 2 turns
  4801 | D:5      | Paralysed by Ijyb for 4 turns
  4811 | D:5      | Paralysed by Ijyb for 5 turns
  4830 | D:5      | Killed Ijyb
  4958 | D:5      | Found Meg Riro's General Store.
  5317 | D:5      | Found a bloodstained altar of Trog.
  5341 | D:5      | Noticed a steam dragon
  5342 | D:5      | Noticed a steam dragon
  5350 | D:5      | You fall into a shaft and drop 2 floors!
  5519 | D:7      | Noticed a hornet
  5545 | D:6      | Noticed Blork the orc
  5637 | D:6      | Reached skill level 5 in Throwing
  5640 | D:6      | Slain by a hornet

Illustrated notes

Levels and vault maps discovered:
D:1:      evilmike_arrival_hilbert_curve, layout_basic, serial_shops, shop_coins
D:2:      layout_rooms, serial_shops, shop, shapermc_ecumenical_altar_rom_forum
D:3:      layout_loops_ring, lemuel_round_altar, serial_shops, shop, shop,
          nicolae_shop_trees, shop, bh_walls_and_bars, uniq_natasha
D:4:      layout_basic, mainiacjoe_overflow_boulevard,
          mainiacjoe_overflow_two_lobes, ebering_ghost_reflecting_pool,
          minivault_23, minmay_close_crescents
D:5:      kennysheep_steamy, layout_basic, grunt_gozag_breadcrumbs,
          nicolae_overflow_hidden_temple, bloody_trog, nicolae_stop_n_shop_1,
          uniq_ijyb
D:6:      layout_basic, xom_redecorated, mainiacjoe_overflow_large_starburst,
          uniq_maggie, uniq_blork_the_orc, uniq_edmund
D:7:      layout_cave_pools, minmay_temple_entry_gardened_gates,
          ebering_ghost_reflecting_pool, uniq_prince_ribbit1

Skill      XL: |  1  2  3  4  5  6  7 |
---------------+----------------------+-----
Armour         | 1 2 3 |  3.0
Fighting       | 3 4 5 |  5.3
Throwing       | 4 5 |  5.0
Staves         | |  2.4
Dodging        | |  2.4

Action                   |  1- 3 |  4- 6 |  7- 9 || total
-------------------------+-------+-------+-------++-------
Melee: Quarterstaff      |   132 |   158 |    89 ||   379
Throw: Throwing net      |     1 |     3 |     1 ||     5
       Javelin           |       |       |     9 ||     9
       Dart              |       |       |     6 ||     6
Invok: Trog's Hand       |       |     2 |     1 ||     3
  Use: Scroll            |     4 |     1 |     3 ||     8
 Stab: Sleeping          |     1 |       |       ||     1
       Held in net/web   |       |     1 |     2 ||     3
Armor: Leather armour    |     6 |       |       ||     6
       Plate armour      |    91 |   120 |    82 ||   293
Dodge: Dodged            |    44 |    47 |    39 ||   130

Table legend: (Time is in decaauts)
 A = Elapsed time spent in this place.
 B = Non-inter-level travel time spent in this place.
 C = Inter-level travel time spent in this place.
 D = Time resting spent in this place.
 E = Time spent auto-exploring this place.
 F = Levels seen in this place.
 G = Mean time per level.
                   A        B        C        D        E       F      G
               +--------+--------+--------+--------+--------+-----+--------+
         Total |   5706 |   5603 |    103 |    109 |   4571 |   7 |  815.1 |
       Dungeon |   5706 |   5603 |    103 |    109 |   4571 |   7 |  815.1 |
               +--------+--------+--------+--------+--------+-----+--------+

Top non-repeatable levels by time:
     D:3: 1616 daAuts
     D:4: 1314 daAuts
     D:1: 1230 daAuts
     D:2: 670 daAuts
     D:5: 582 daAuts
     D:7: 183 daAuts
     D:6: 108 daAuts
